 Dungeon Sprint DCSS version 0.25.1-2-g60ff931df9 (webtiles) character file.

Game seed: 11250644095955106604

293 lepoulpe303 the Covert (level 6, -3/35 HPs)
             Began as a Spriggan Assassin on Sept 27, 2020.
             Slain by a slime creature (13 damage)
             ... in the Dungeon (Sprint I: "Red Sonja").
             The game lasted 00:02:46 (304 turns).

lepoulpe303 the Covert (Spriggan Assassin)           Turns: 304, Time: 00:02:47

Health: -3/35      AC:  3    Str:  9    XL:     6   Next: 11%
Magic:  7/7        EV: 22    Int: 12    God:
Gold:   307        SH:  0    Dex: 18    Spells: 5/5 levels left

rFire    . . .     SeeInvis +   a - +2 dagger
rCold    . . .     Gourm    .   (shield restricted)
rNeg     . . .     Faith    .   b - +0 robe
rPois    .         Spirit   .   (helmet restricted)
rElec    .         Reflect  .   c - +0 cloak
rCorr    .         Harm     .   (gloves unavailable)
MR       +....     NoTele   +   (boots unavailable)
Stlth    +++++.....             (no amulet)
HPRegen  0.11/turn              (no ring)
MPRegen  0.10/turn              (no ring)

@: very quick
A: very small, unfitting armour, see invisible, herbivore, speed 3, slow
metabolism 2
a: no special abilities


You were in the Dungeon.
You were not hungry.

You visited 1 branch You collected 307 gold pieces.

Inventory:

Hand Weapons
 a - a +2 dagger (weapon)
Missiles
 f - 2 curare-tipped darts
Armour
 b - a +0 robe (worn)
 c - a +0 cloak (worn)
Wands
 g - a wand of polymorph (8)
Scrolls
 i - a scroll of blinking {!r}
Potions
 h - a potion of haste
 j - 2 potions of magic
 k - a potion of berserk rage {!q}
 l - a potion of heal wounds
 q - a potion of curing
Comestibles
 e - a ration


   Skills:
 * Level 5.5 Fighting
 * Level 7.3 Short Blades
 + Level 4.8 Throwing
 + Level 6.4 Dodging
 * Level 11.3 Stealth
 + Level 1.0 Evocations


You had 5 spell levels left.
You didn't know any spells.
Your spell library was empty.

Dungeon Overview and Level Annotations

Branches:
Dungeon (1/1)

Altars:
Makhleb
Sif Muna
Vehumet
Wu Jian
Xom
Jiyva
Lugonu


Innate Abilities, Weirdness & Mutations

You are very small and have problems with some larger weapons.
You are too small for most types of armour.
You have supernaturally acute eyesight. (SInv)
You are a herbivore.
You cover ground extremely quickly.
You need to consume almost no food.


Message History

Throwing (i - inventory)
d - a poisoned dart (quivered)
Aim: a slime creature (moderately wounded, poisoned)
You throw a poisoned dart.
The poisoned dart hits the slime creature!
The slime creature looks even sicker.
There is an open door here.
You see here a poisoned dart.
d - a poisoned dart
There is an open door here.
You see here a poisoned dart.
You are too injured to fight recklessly!
A slime creature is nearby!
Items here: ( ) [ ÷ a poisoned dart; a +0 club; a +0 leather armour; the goblin skeleton of Ijyb Throwing (i - inventory)
d - a poisoned dart (quivered)
Aim: a slime creature (moderately wounded, very poisoned)
You throw a poisoned dart.
The poisoned dart hits the slime creature.
You hit the slime creature. The slime creature hits you!
You die...

##################
#<.#..'..#.)(..#__
#..((.#.)(..#..(..
#.(#####'#####'#__
#J.# #..#...#.###
#@.# ####..##)#
#..# ##'#_.+ #⌠⌠#
+..._# #### #_.#+#
##+#


You could see a slime creature (very poisoned).

Levels and vault maps discovered:
D:        dungeon_sprint_1 [red_sonja_temple_1, red_sonja_temple_small_1]

Notes
Turn   | Place    | Note
-------+----------+-------------------------------------------
     0 | D        | lepoulpe303 the Spriggan Assassin began the quest for the
                  | Orb.
     0 | D        | Reached XP level 1. HP: 10/10 MP: 2/2
     2 | D        | Identified a +0 club
     2 | D        | Identified a +0 leather armour
     2 | D        | Noticed Ijyb
    27 | D        | Killed Ijyb
    27 | D        | Reached skill level 2 in Fighting
    27 | D        | Reached skill level 3 in Short Blades
    27 | D        | Reached skill level 3 in Dodging
    27 | D        | Reached skill level 7 in Stealth
    27 | D        | Reached XP level 2. HP: 13/16 MP: 3/3
    34 | D        | Identified a +0 giant spiked club
    34 | D        | Noticed an ogre
    37 | D        | Killed an ogre
    37 | D        | Reached skill level 4 in Fighting
    37 | D        | Reached skill level 5 in Short Blades
    37 | D        | Reached skill level 3 in Throwing
    37 | D        | Reached skill level 4 in Dodging
    37 | D        | Reached skill level 9 in Stealth
    37 | D        | Reached XP level 3. HP: 18/21 MP: 4/4
    37 | D        | Reached XP level 4. HP: 22/25 MP: 5/5
    46 | D        | Identified a +0 scythe
    46 | D        | Identified a +0 robe
    46 | D        | Noticed Sigmund
    49 | D        | Killed Sigmund
    49 | D        | Reached skill level 5 in Fighting
    49 | D        | Reached skill level 7 in Short Blades
    49 | D        | Reached skill level 4 in Throwing
    49 | D        | Reached skill level 6 in Dodging
    49 | D        | Reached skill level 11 in Stealth
    49 | D        | Reached XP level 5. HP: 27/30 MP: 6/6
    88 | D        | Found an ornate altar of the Wu Jian Council.
    88 | D        | Found a shimmering blue altar of Sif Muna.
    90 | D        | Found a radiant altar of Vehumet.
    94 | D        | Reached skill level 1 in Evocations
    94 | D        | Reached XP level 6. HP: 35/35 MP: 7/7
   225 | D        | Found a burning altar of Makhleb.
   225 | D        | Found a viscous altar of Jiyva.
   225 | D        | Found a shimmering altar of Xom.
   225 | D        | Found a corrupted altar of Lugonu.
   225 | D        | Noticed a slime creature
   257 | D        | HP: 7/35 [slime creature (8)]
   304 | D        | Slain by a slime creature

Table legend:
 A = Turns spent in this place as a percentage of turns spent in the entire game.
 B = Non-inter-level travel turns spent in this place as a percentage of non-inter-level travel turns spent in the entire game.
 C = Inter-level travel turns spent in this place as a percentage of turns spent in this place.
 D = Turns resting spent in this place as a percentage of non-inter-level travel turns spent in this place.
 E = Turns spent auto-exploring this place as a percentage of non-inter-level travel turns spent in this place.
 F = Non-inter-level travel turns spent in this place divided by the number of levels of this place that you've seen.
                   A       B       C       D       E      F
               +-------+-------+-------+-------+-------+----------------------
         Total | 100.0 | 100.0 |   0.0 |  41.1 |   0.0 | 304.0
       Dungeon | 100.0 | 100.0 |   0.0 |  41.1 |   0.0 | 304.0
               +-------+-------+-------+-------+-------+----------------------

Table legend:
 A = Kills in this place as a percentage of kills in entire the game.
 B = Kills by you in this place as a percentage of kills by you in the entire game.
 C = Kills by friends in this place as a percentage of kills by friends in the entire game.
 D = Other kills in this place as a percentage of other kills in the entire game.
 E = Experience gained in this place as a percentage of experience gained in the entire game.
 F = Experience gained in this place divided by the number of levels of this place that you have seen.
                   A       B       C       D       E      F
               +-------+-------+-------+-------+-------+----------------------
         Total | 100.0 | 100.0 |   N/A |   N/A | 100.0 | 419.0
       Dungeon | 100.0 | 100.0 |   N/A |   N/A | 100.0 | 419.0
               +-------+-------+-------+-------+-------+----------------------

Skill      XL: |  1  2  3  4  5 |
---------------+----------------+-----
Fighting       | 2 4 5 |  5.5
Short Blades   | 3 5 7 |  7.3
Dodging        | 3 4 6 |  6.4
Stealth        | 7 9 11 | 11.3
Throwing       | 3 4 |  4.8
Evocations     | 1 |  1.0

Action                   |  1- 3 |  4- 6 || total
-------------------------+-------+-------++-------
Melee: Dagger            |    10 |    11 ||    21
Throw: Dart              |     7 |    12 ||    19
 Stab: Sleeping          |     1 |     2 ||     3
Armor: Robe              |     3 |       ||     3
Dodge: Dodged            |     5 |     6 ||    11

Vanquished Creatures
  Sigmund (D)
  An ogre (D)
  A jelly (D)
  Ijyb (D)
4 creatures vanquished.
